SA
SYRACUSE STORM @ YELLOWKNIFE DRAGONBLOOD
08/11/2031
 
TOP OF THE 1ST
Syracuse Storm batting - Pitching for Yellowknife Dragonblood : LHP Sergio Gallegos
Pitching: LHP Sergio Gallegos
Batting: SHB Franck Kooijmans 0-0: SINGLE (Line Drive, 6MD)
Batting: RHB José García 0-0: Ball
1-0: Ball
2-0: SINGLE (Line Drive, 7LS)
Franck Kooijmans to second
Batting: LHB Salvador Ramírez 0-0: Ball
1-0: Called Strike
1-1: Called Strike
1-2: Strikes out swinging
Batting: RHB Dave Maxwell 0-0: Called Strike
0-1: Ball
1-1: Fielders Choice at 2nd, 3-6 (Groundball, 34)
Franck Kooijmans to third
Pitching: RHP Surrealiste Zhejna
Batting: RHB Nelson Morán 0-0: Called Strike
0-1: Ball
1-1: Foul Ball, location: 2F
1-2: Fly out, F6 (Flyball, 6D)
Top of the 1st over - 0 runs, 2 hits, 0 errors, 2 left on base; Syracuse 0 - Yellowknife 0
BOTTOM OF THE 1ST
Yellowknife Dragonblood batting - Pitching for Syracuse Storm : RHP Jack Joyner
Pitching: RHP Jack Joyner
Batting: RHB Víctor Murguia 0-0: Called Strike
0-1: Foul Ball, location: 2F
0-2: Ball
1-2: Foul Ball, location: 2F
1-2: Ball
2-2: Foul Ball, location: 2F
2-2: Foul Ball, location: 2F
2-2: Fly out, F8 (Flyball, 8LD)
Batting: SHB Gerrie Bond 0-0: SINGLE (Flyball, 7S)
Batting: SHB Miklos Elias 0-0: Ball
1-0: Ball
2-0: Ball
3-0: Called Strike
3-1: Called Strike
3-2: Foul Ball, location: 2F
3-2: Strikes out looking
Batting: SHB Paul Graves 0-0: Ball
1-0: Ball
2-0: SINGLE (Flyball, 9LS)
Gerrie Bond to second
Runner from 2nd tries for 3rd, SAFE, no throw
Batting: RHB Bill Boyd 0-0: Ball
1-0: DOUBLE (Line Drive, 78D)
Gerrie Bond scores
Paul Graves to third
Runner from 3rd tries for Home, SAFE, no throw
Batting: RHB Orlando Moruga 0-0: Ball
1-0: Ball
2-0: Ball
3-0: Foul Ball, location: 2F
3-1: Base on Balls
Batting: SHB Jim Dunleavy 0-0: Called Strike
0-1: Ball
1-1: Ball
2-1: Foul Ball, location: 2F
2-2: Ball
3-2: Foul Ball, location: 2F
3-2: Foul Ball, location: 2F
3-2: Ground out 5-3 (Groundball, 5)
Bottom of the 1st over - 2 runs, 3 hits, 0 errors, 2 left on base; Syracuse 0 - Yellowknife 2
TOP OF THE 2ND
Syracuse Storm batting - Pitching for Yellowknife Dragonblood : RHP Surrealiste Zhejna
Batting: RHB Javier Sandoval 0-0: Ball
1-0: Fly out, F6 (Popup, P)
Batting: LHB Phil Beck 0-0: Ball
1-0: Ball
2-0: Foul Ball, location: 2F
2-1: Ball
3-1: Called Strike
3-2: Strikes out swinging
Batting: RHB Sadakuno Hashimoto 0-0: Ball
1-0: Ball
2-0: Ground out 5-3 (Groundball, 5)
Top of the 2nd over - 0 runs, 0 hits, 0 errors, 0 left on base; Syracuse 0 - Yellowknife 2
BOTTOM OF THE 2ND
Yellowknife Dragonblood batting - Pitching for Syracuse Storm : RHP Jack Joyner
Batting: RHB Andy Garnet 0-0: Called Strike
0-1: Foul Ball, location: 2F
0-2: Ground out 6-3 (Groundball, 6M)
Batting: RHB Mohamed Billard 0-0: Ground out 4-3 (Groundball, 4)
Batting: RHB Víctor Murguia 0-0: Ball
1-0: Ground out 1-3 (Groundball, 13)
Bottom of the 2nd over - 0 runs, 0 hits, 0 errors, 0 left on base; Syracuse 0 - Yellowknife 2
TOP OF THE 3RD
Syracuse Storm batting - Pitching for Yellowknife Dragonblood : RHP Surrealiste Zhejna
Batting: LHB António Escobeda 0-0: Ground out 6-3 (Groundball, 6)
Batting: SHB Franck Kooijmans 0-0: Ball
1-0: Ground out 4-3 (Groundball, 4)
Batting: RHB José García 0-0: Ball
1-0: DOUBLE (Groundball, 5L)
Batting: LHB Salvador Ramírez 0-0: Ball
1-0: Ball
2-0: Ground out 1-3 (Groundball, 15)
Top of the 3rd over - 0 runs, 1 hit, 0 errors, 1 left on base; Syracuse 0 - Yellowknife 2
BOTTOM OF THE 3RD
Yellowknife Dragonblood batting - Pitching for Syracuse Storm : RHP Jack Joyner
Batting: SHB Gerrie Bond 0-0: Ball
1-0: Ball
2-0: Called Strike
2-1: Ball
3-1: Fly out, F9 (Flyball, 9S)
Batting: SHB Miklos Elias 0-0: Ball
1-0: Foul Ball, location: 2F
1-1: Ball
2-1: Ground out 4-3 (Groundball, 34D)
Batting: SHB Paul Graves 0-0: Ball
1-0: Fly out, F7 (Flyball, 78S)
Bottom of the 3rd over - 0 runs, 0 hits, 0 errors, 0 left on base; Syracuse 0 - Yellowknife 2
TOP OF THE 4TH
Syracuse Storm batting - Pitching for Yellowknife Dragonblood : RHP Surrealiste Zhejna
Batting: RHB Dave Maxwell 0-0: Foul Ball, location: 2F
0-1: SINGLE (Groundball, 6D)
Batting: RHB Nelson Morán 0-0: Ball
1-0: Called Strike
1-1: Ball
2-1: Ball
3-1: Fly out, F3 (Popup, 3F)
Batting: RHB Javier Sandoval 0-0: Ball
1-0: Swinging Strike
1-1: Foul Ball, location: 2F
1-2: Strikes out swinging
Batting: LHB Phil Beck 0-0: Ball
1-0: Foul Ball, location: 2F
1-1: Ground out 6-3 (Groundball, 6M)
Top of the 4th over - 0 runs, 1 hit, 0 errors, 1 left on base; Syracuse 0 - Yellowknife 2
BOTTOM OF THE 4TH
Yellowknife Dragonblood batting - Pitching for Syracuse Storm : RHP Jack Joyner
Batting: RHB Bill Boyd 0-0: Called Strike
0-1: Ground out 4-3 (Groundball, 4)
Batting: RHB Orlando Moruga 0-0: Ball
1-0: Fly out, F6 (Line Drive, 6)
Batting: SHB Jim Dunleavy 0-0: Foul Ball, location: 2F
0-1: Called Strike
0-2: Ball
1-2: Ball
2-2: Ball
3-2: Foul Ball, location: 2F
3-2: SINGLE (Flyball, 7S)
Pitching: RHP Eddie Hancock
Batting: RHB Andy Garnet 0-0: Called Strike
0-1: Foul Ball, location: 2F
0-2: Ball
1-2: Foul Ball, location: 2F
1-2: Ball
2-2: Strikes out swinging
Bottom of the 4th over - 0 runs, 1 hit, 0 errors, 1 left on base; Syracuse 0 - Yellowknife 2
TOP OF THE 5TH
Syracuse Storm batting - Pitching for Yellowknife Dragonblood : RHP Surrealiste Zhejna
Batting: RHB Sadakuno Hashimoto 0-0: Ball
1-0: Foul Ball, location: 2F
1-1: Swinging Strike
1-2: Foul Ball, location: 2F
1-2: Ball
2-2: Strikes out swinging
Batting: LHB António Escobeda 0-0: Ground out 1-3 (Groundball, 13S)
Batting: SHB Franck Kooijmans 0-0: Ball
1-0: Swinging Strike
1-1: Ground out 4-3 (Groundball, 4S)
Top of the 5th over - 0 runs, 0 hits, 0 errors, 0 left on base; Syracuse 0 - Yellowknife 2
BOTTOM OF THE 5TH
Yellowknife Dragonblood batting - Pitching for Syracuse Storm : RHP Eddie Hancock
Batting: RHB Mohamed Billard 0-0: Reached on error, E1 (Groundball, 15)
Batting: RHB Víctor Murguia 0-0: Called Strike
0-1: Foul Ball, location: 2F
0-2: Strikes out looking
Batting: SHB Gerrie Bond 0-0: Swinging Strike
0-1: Swinging Strike
0-2: Ball
1-2: Strikes out swinging
Batting: SHB Miklos Elias 0-0: Called Strike
0-1: Foul Ball, location: 2F
0-2: Ball
1-2: Ball
2-2: Foul Ball, location: 2F
2-2: Ball
3-2: Base on Balls
Batting: SHB Paul Graves 0-0: SINGLE (Groundball, 15S) (infield hit)
Mohamed Billard to third
Miklos Elias to second
Batting: RHB Bill Boyd 0-0: Called Strike
0-1: Called Strike
0-2: Foul Ball, location: 2F
0-2: Foul Ball, location: 2F
0-2: Ball
1-2: Strikes out swinging
Bottom of the 5th over - 0 runs, 1 hit, 1 error, 3 left on base; Syracuse 0 - Yellowknife 2
TOP OF THE 6TH
Syracuse Storm batting - Pitching for Yellowknife Dragonblood : RHP Surrealiste Zhejna
Batting: RHB José García 0-0: Ball
1-0: Ball
2-0: Foul Ball, location: 2F
2-1: Swinging Strike
2-2: Ball
3-2: Base on Balls
Pitching: RHP Van Lapointe
Batting: LHB Salvador Ramírez 0-0: Ball
1-0: Foul Ball, location: 2F
1-1: Ball
2-1: Fly out, F9 (Flyball, 89S)
Batting: RHB Dave Maxwell 0-0: Ball
1-0: Ball
2-0: Called Strike
2-1: Ball
3-1: Base on Balls
José García to second
Batting: RHB Nelson Morán 0-0: Ball
1-0: Foul Ball, location: 2F
1-1: Called Strike
1-2: Foul Ball, location: 2F
1-2: Foul Ball, location: 2F
1-2: Ball
2-2: Ball
3-2: SINGLE (Groundball, 56D)
José García to third
Dave Maxwell to second
José García scores
Dave Maxwell to third
Batting: RHB Javier Sandoval 0-0: Foul Ball, location: 2F
0-1: Ball
1-1: Swinging Strike
1-2: Ball
Balk!
Dave Maxwell scores
Nelson Morán to second
2-2: Strikes out swinging
Batting: LHB Phil Beck 0-0: Ball
1-0: Foul Ball, location: 2F
1-1: Swinging Strike
1-2: Ball
2-2: Foul Ball, location: 2F
2-2: Ball
3-2: Base on Balls
Batting: RHB Sadakuno Hashimoto 0-0: Fly out, F8 (Flyball, 8LD)
Top of the 6th over - 2 runs, 1 hit, 0 errors, 2 left on base; Syracuse 2 - Yellowknife 2
BOTTOM OF THE 6TH
Yellowknife Dragonblood batting - Pitching for Syracuse Storm : RHP Eddie Hancock
Batting: RHB Orlando Moruga 0-0: Ball
1-0: Called Strike
1-1: Foul Ball, location: 2F
1-2: Strikes out swinging
Batting: SHB Jim Dunleavy 0-0: Called Strike
0-1: Foul Ball, location: 2F
0-2: Ball
1-2: Strikes out swinging
Batting: RHB Andy Garnet 0-0: Ball
1-0: Ball
2-0: Ball
3-0: Called Strike
3-1: Fly out, F8 (Flyball, 8LM)
Bottom of the 6th over - 0 runs, 0 hits, 0 errors, 0 left on base; Syracuse 2 - Yellowknife 2
TOP OF THE 7TH
Syracuse Storm batting - Pitching for Yellowknife Dragonblood : RHP Van Lapointe
Batting: LHB António Escobeda 0-0: Fly out, F8 (Line Drive, 8RM)
Pinch Hitting: LHB Bora Garasanin 0-0: Called Strike
0-1: Swinging Strike
0-2: Foul Ball, location: 2F
0-2: Foul Ball, location: 2F
0-2: Ball
1-2: Ball
2-2: Foul Ball, location: 2F
2-2: Foul Ball, location: 2F
2-2: Foul Ball, location: 2F
2-2: Ball
3-2: Ground out U3 (Groundball, 3)
Batting: RHB José García 0-0: SINGLE (Line Drive, 8RS)
Batting: LHB Salvador Ramírez 0-0: Ball
1-0: Ball
2-0: Ground out U3 (Groundball, 3L)
Top of the 7th over - 0 runs, 1 hit, 0 errors, 1 left on base; Syracuse 2 - Yellowknife 2
BOTTOM OF THE 7TH
Yellowknife Dragonblood batting - Pitching for Syracuse Storm : RHP Eddie Hancock
Now at 3B: Adrián Medina
Batting: RHB Mohamed Billard 0-0: Ball
1-0: Ball
2-0: Foul Ball, location: 2F
2-1: Called Strike
2-2: Foul Ball, location: 2F
2-2: Fly out, F2 (Popup, 3SF)
Batting: RHB Víctor Murguia 0-0: Called Strike
0-1: SOLO HOME RUN (Flyball, 7LD), Distance : 357 ft
Batting: SHB Gerrie Bond 0-0: Foul Ball, location: 2F
0-1: SINGLE (Flyball, 89S)
Batting: SHB Miklos Elias 0-0: Called Strike
Gerrie Bond is caught stealing 2nd base
0-1: Foul Ball, location: 2F
0-2: Ball
1-2: Ball
2-2: Foul Ball, location: 2F
2-2: SINGLE (Groundball, 4MD)
Batting: SHB Paul Graves 0-0: Ball
Wild Pitch!
Miklos Elias to second
1-0: SINGLE (Line Drive, 89M)
Miklos Elias to third
Runner from 3rd tries for Home, SAFE, no throw
Pitching: RHP Kerry Tenner
Batting: RHB Bill Boyd 0-0: Ball
1-0: Called Strike
1-1: Called Strike
1-2: Strikes out swinging
Bottom of the 7th over - 2 runs, 4 hits, 0 errors, 1 left on base; Syracuse 2 - Yellowknife 4
TOP OF THE 8TH
Syracuse Storm batting - Pitching for Yellowknife Dragonblood : RHP Van Lapointe
Batting: RHB Dave Maxwell 0-0: Foul Ball, location: 2F
0-1: Foul Ball, location: 2F
0-2: Foul Ball, location: 2F
0-2: Foul Ball, location: 2F
0-2: Ball
1-2: Ball
2-2: Foul Ball, location: 2F
2-2: Strikes out looking
Batting: RHB Nelson Morán 0-0: Ball
1-0: Called Strike
1-1: Foul Ball, location: 2F
1-2: Foul Ball, location: 2F
1-2: Ball
2-2: Ground out 4-3 (Groundball, 4)
Batting: RHB Javier Sandoval 0-0: Ball
1-0: Ball
2-0: Called Strike
2-1: Ground out 1-3 (Groundball, 15)
Top of the 8th over - 0 runs, 0 hits, 0 errors, 0 left on base; Syracuse 2 - Yellowknife 4
BOTTOM OF THE 8TH
Yellowknife Dragonblood batting - Pitching for Syracuse Storm : RHP Kerry Tenner
Batting: RHB Orlando Moruga 0-0: Fly out, F9 (Flyball, 89M)
Batting: SHB Jim Dunleavy 0-0: Ground out 5-3 (Groundball, 5L)
Batting: RHB Andy Garnet 0-0: Ground out 6-3 (Groundball, 6)
Bottom of the 8th over - 0 runs, 0 hits, 0 errors, 0 left on base; Syracuse 2 - Yellowknife 4
TOP OF THE 9TH
Syracuse Storm batting - Pitching for Yellowknife Dragonblood : RHP Van Lapointe
Batting: LHB Phil Beck 0-0: Foul Ball, location: 2F
0-1: Ball
1-1: Ball
2-1: Ball
3-1: Foul Ball, location: 2F
3-2: Ground out 4-3 (Groundball, 4)
Batting: RHB Sadakuno Hashimoto 0-0: Called Strike
0-1: Ball
1-1: Foul Ball, location: 2F
1-2: Strikes out swinging
Pitching: RHP Wilson Valenzuela
Batting: LHB António Escobeda 0-0: Swinging Strike
0-1: Ball
1-1: Foul Ball, location: 2F
1-2: Ball
2-2: Ball
3-2: Base on Balls
Pinch Hitting: LHB Seung-min Sin 0-0: Ball
1-0: SINGLE (Groundball, 34D)
António Escobeda to second
Batting: RHB José García 0-0: Called Strike
0-1: Fly out, F9 (Flyball, 9LS)
Top of the 9th over - 0 runs, 1 hit, 0 errors, 2 left on base; Syracuse 2 - Yellowknife 4
Tuesday, June 12th, 2018 - OOTP Baseball 18.8 Build 76